Map: Abyssal Reef LE

Players

ArchangeL - Winner!

  • Race: Terran Terran
  • Spawn Location: 11:00

Elroye

  • Race: Zerg Zerg
  • Spawn Location: 5:00

Event: WCS Valencia 2017

VOD

Have the link to the VOD?

Description

Time

  • Played on: July 13, 2017, 6:46 a.m.
  • Length: 16:23

All games in this series

Show
View Real Time Build Order
Export as new Build Order

ArchangeL Terran - Winner!

Build Orders: MMM Bio 

Get SALT Encoding   

  12  0:00  SCV  
  13  0:12  SCV  
  14  0:19  Supply Depot  
  14  0:25  SCV  
  15  0:41  SCV  
  15  0:42  Barracks  
  16  0:44  Refinery  
  16  0:53  SCV  
  17  1:02  Barracks  
  17  1:05  SCV  
  18  1:17  SCV  
  19  1:33  Barracks  
  19  1:36  Orbital Command  
  19  1:41  Refinery  
  19  1:46  Reaper  
  20  1:50  Reaper  
  21  1:59  Supply Depot  
  21  2:07  SCV  
  22  2:18  Reaper  
  22  2:21  Reaper  
  24  2:23  SCV  
  24  2:25  Reaper  
  26  2:35  SCV  
  26  2:36  Supply Depot  
  27  2:50  SCV, Reaper  
  29  2:53  Reaper  
  29  2:57  Reaper  
  31  3:15  SCV  
  31  3:22  Reaper  
  31  3:25  Command Center, Reaper  
  33  3:29  Reaper  
  33  3:30  SCV  
  35  3:39  Factory  
  35  3:42  SCV  
  36  3:54  SCV  
  36  3:55  Reaper  
  38  4:03  Supply Depot  
  38  4:04  Reaper  
  38  4:08  Refinery  
  39  4:13  SCV, Reaper  
  41  4:17  Supply Depot  
  41  4:25  SCV  
  41  4:30  Starport  
  42  4:37  SCV  
  43  4:42  Orbital Command  
  43  4:45  Factory Reactor  
  43  4:49  SCV  
  40  5:01  SCV, Reaper x3  
  44  5:13  SCV  
  45  5:14  SCV  
  46  5:27  Barracks  
  46  5:28  Medivac  
  46  5:29  Medivac  
  46  5:30  Barracks  
  46  5:33  Reaper  
  51  5:37  SCV  
  51  5:39  Supply Depot  
  51  5:40  Barracks Tech Lab, SCV  
  53  5:43  Factory Reactor  
  53  5:49  SCV  
  54  5:51  Barracks Reactor  
  54  5:52  SCV  
  55  6:01  SCV  
  56  6:04  Stimpack, Marine  
  56  6:05  SCV  
  56  6:08  Marine  
  59  6:13  SCV, Refinery  
  59  6:17  Barracks Reactor  
  59  6:18  SCV  
  61  6:22  Marine, Starport Reactor  
  62  6:26  SCV  
  62  6:30  SCV  
  62  6:31  Marine x2  
  62  6:32  Widow Mine x2  
  66  6:35  Engineering Bay  
  66  6:36  Command Center  
  66  6:38  SCV  
  71  6:42  SCV  
  72  6:50  SCV, Marine x2  
  72  6:51  Marauder, Marine  
  78  6:54  SCV  
  78  6:56  Marine  
  78  6:57  Barracks Reactor, Marine x2  
  82  7:02  Terran Infantry Weapons Level 1, Supply Depot  
  82  7:05  Supply Depot  
  82  7:08  Marine x3  
  82  7:09  SCV  
  85  7:16  Marine  
  85  7:20  Marine x2, Supply Depot  
  85  7:21  Marine, Factory Tech Lab  
  89  7:23  Barracks  
  89  7:26  Marine  
  89  7:27  SCV x2  
  89  7:28  Marine  
  93  7:34  Supply Depot  
  93  7:39  SCV x2  
  95  7:47  Marine x8  
  95  7:48  Medivac  
  105  7:54  Orbital Command  
  105  7:58  Supply Depot  
  105  8:01  SCV x2  
  105  8:02  Marine  
  105  8:04  Marine  
  109  8:08  Marine x4  
  113  8:15  Orbital Command  
  113  8:16  Engineering Bay  
  109  8:23  Siege Tank  
  109  8:25  SCV, Armory  
  109  8:26  SCV  
  114  8:32  Marine  
  114  8:33  Marine  
  116  8:36  Marine  
  116  8:39  Marine x2  
  119  8:46  Medivac x2  
  122  8:52  Marine x3  
  127  8:57  Marine  
  127  8:58  Marine, Supply Depot  
  127  9:00  Marine  
  127  9:02  Terran Infantry Armor Level 1  
  128  9:06  SCV  
  128  9:07  Marine x4  
  132  9:10  SCV x2  
  122  9:17  Marine x2  
  122  9:18  SCV  
  122  9:22  SCV x2  
  121  9:30  SCV, Marine  
  121  9:31  Marine x6  
  121  9:34  SCV x2  
  121  9:35  Marine  
  126  9:42  SCV  
  121  9:48  Marine x2  
  121  9:49  Marine x2  
  121  9:51  Barracks Tech Lab  
  124  9:55  Barracks Reactor  
  124  9:56  SCV, Terran Infantry Weapons Level 2  
  124  9:58  Marine x2  
  128  10:09  SCV x3  
  128  10:10  Barracks Reactor  
  128  10:11  Combat Shields  
  130  10:27  Marine x6  
  136  10:30  Siege Tank, Medivac x2  
  136  10:31  Marine x3  
  136  10:35  Factory  
  146  10:44  Marine  
  146  10:45  Marine  
  148  10:54  Marine x9  
  157  11:02  Marine  
  157  11:03  Marine  
  157  11:12  Marine, Medivac  
  157  11:14  Marine x5  
  157  11:15  Medivac  
  157  11:16  Siege Tank  
  147  11:20  Marine x2  
  147  11:21  Marine  
  147  11:22  SCV x2, Factory Tech Lab  
  147  11:23  Marine x2  
  151  11:30  Marine  
  146  11:33  Terran Infantry Armor Level 2  
  146  11:34  Marine  
  146  11:35  Marine x3  
  146  11:36  Marine  
  146  11:38  Marine x2, Supply Depot  
  153  11:41  Marine x3  
  156  11:48  Siege Tank x2, Marine, Medivac  
  156  11:51  Barracks, Command Center  
  156  11:52  Marine x3  
  156  11:53  Marine, Barracks  
  169  11:54  Marine  
  170  12:04  Marine  
  170  12:05  Marine x4  
  170  12:06  Marine  
  175  12:10  Marine x4  
  175  12:12  Marine  
  176  12:20  Siege Tank  
  176  12:22  Marine x3  
  180  12:31  Marine x5  
  180  12:36  Marine x2  
  181  12:38  Marine  
  181  12:46  Marine  
  181  12:47  Marine x2  
  181  12:48  Siege Tank, Marine  
  181  12:49  Marine x2  
  181  12:59  Supply Depot  
  181  13:00  Supply Depot  
  181  13:02  Siege Tank, Marine x2, Medivac x2  
  190  13:12  Marine x7  
  192  13:14  SCV  
  194  13:20  Siege Tank  
  194  13:22  Terran Infantry Weapons Level 3, Marine x2  
  194  13:23  Marine  
  194  13:24  Marine  
  197  13:29  Marine x2  
  197  13:30  Marine  
  200  13:36  Orbital Command  
  198  13:58  Marine  
  198  13:59  Marine  
  198  14:12  Orbital Command  
  198  14:16  Marine x4  
  198  14:17  Marauder, Marine x7  
  183  14:19  Marine  
  178  14:30  SCV x2  
  171  14:34  Marine x5  
  171  14:35  Marine x5  
  171  14:38  Marauder  
  180  14:43  SCV x2  
  180  14:44  Marine x2  
  183  14:52  Marine x7  
  186  14:53  Marine x2  
  186  14:55  SCV  
  186  14:59  Marauder  
  185  15:08  Marine x3  
  185  15:21  Marauder  
  177  15:24  Marine x2  
  154  15:29  Marine x2  
  154  15:30  Marine x3  
  154  15:31  Marine x4  
  154  15:34  Marine  
  146  15:41  Marine x2  
  146  15:42  Marauder  
  147  15:47  Marine x2  
  149  15:59  Marine  
  149  16:00  Marine x5  
Show
View Real Time Build Order
Export as new Build Order

Elroye Zerg 

Build Orders: Pool First 

Get SALT Encoding   

  12  0:01  Drone  
  13  0:12  Overlord  
  13  0:17  Drone  
  14  0:30  Drone  
  14  0:31  Drone  
  14  0:35  Drone  
  17  0:41  Extractor  
  16  0:45  Drone  
  17  0:52  Spawning Pool  
  17  0:56  Drone  
  17  1:15  Hatchery  
  16  1:21  Drone  
  17  1:30  Drone  
  18  1:36  Drone  
  18  1:39  Queen  
  21  1:43  Zergling x2  
  22  1:49  Metabolic Boost  
  22  1:56  Overlord  
  22  2:15  Drone x2  
  24  2:17  Queen  
  26  2:29  Zergling x2  
  27  2:30  Queen  
  27  2:31  Overlord  
  27  2:34  Drone  
  31  2:44  Zergling x2  
  31  2:45  Zergling x2  
  31  2:49  Zergling x2  
  31  2:50  Zergling x6  
  36  2:56  Queen  
  37  3:16  Drone x4  
  37  3:18  Queen  
  42  3:28  Zergling x2  
  42  3:29  Zergling x2  
  42  3:30  Overlord  
  42  3:33  Extractor  
  43  3:34  Extractor  
  43  3:35  Zergling x4  
  45  3:55  Drone  
  45  3:56  Drone x5  
  45  4:00  Roach Warren, Drone  
  51  4:03  Overlord  
  51  4:18  Hatchery  
  49  4:27  Zergling x2  
  49  4:28  Zergling x16  
  57  4:36  Drone x3  
  60  4:46  Overlord  
  60  4:49  Hatchery  
  60  4:50  Evolution Chamber  
  60  4:52  Evolution Chamber  
  55  5:01  Drone x4  
  55  5:04  Overlord  
  55  5:06  Drone x4  
  63  5:09  Drone  
  63  5:22  Drone x2  
  65  5:29  Zerg Ground Armor Level 1, Zerg Melee Weapons Level 1  
  65  5:30  Lair  
  65  5:34  Extractor  
  64  5:37  Drone x6  
  70  5:49  Baneling Nest, Extractor  
  68  5:52  Drone x2  
  70  6:10  Roach x3  
  76  6:12  Roach  
  76  6:17  Queen  
  80  6:28  Drone  
  80  6:30  Overlord x2  
  80  6:31  Overlord  
  81  6:34  Extractor  
  81  6:35  Extractor  
  79  6:40  Centrifical Hooks, Overlord x2  
  79  6:51  Roach  
  79  6:52  Zergling x18, Roach x5  
  100  7:05  Drone x3  
  100  7:07  Glial Reconstitution  
  103  7:09  Baneling x2  
  101  7:21  Drone x6  
  107  7:24  Drone x2  
  107  7:25  Drone x2  
  111  7:36  Baneling x5  
  111  7:37  Hatchery  
  111  7:38  Drone x8  
  111  7:42  Ravager x2, Overlord  
  120  7:55  Ravager x2  
  122  8:02  Zerg Melee Weapons Level 2  
  122  8:03  Hatchery  
  121  8:07  Zergling x2  
  121  8:08  Extractor, Zergling x18  
  127  8:21  Baneling x7  
  127  8:29  Drone x2  
  127  8:30  Overlord  
  127  8:31  Overlord  
  129  8:34  Baneling x4  
  129  8:35  Overlord  
  129  8:37  Zerg Ground Armor Level 2  
  129  8:54  Baneling x7  
  130  8:55  Zergling x2  
  130  8:56  Zergling x24  
  132  9:16  Zergling x10  
  132  9:17  Zergling x12  
  127  9:28  Zergling x8  
  117  9:47  Roach x4  
  117  9:48  Queen, Roach x4  
  136  9:52  Drone  
  136  9:53  Drone x3  
  136  9:54  Baneling x2  
  136  9:57  Zergling x4  
  136  9:58  Ravager  
  136  9:59  Ravager x5  
  147  10:00  Queen  
  147  10:01  Drone x3  
  147  10:04  Zergling x8  
  147  10:06  Infestation Pit  
  154  10:08  Burrow  
  154  10:11  Zergling x4  
  154  10:13  Ravager  
  157  10:15  Baneling x10  
  157  10:16  Overlord  
  157  10:18  Overseer  
  157  10:21  Overlord  
  157  10:22  Overlord  
  157  10:28  Overseer  
  154  11:00  Zergling x8  
  154  11:01  Zergling x22  
  133  11:27  Zergling x26  
  146  11:39  Queen, Drone x10  
  158  11:42  Pathogen Glands  
  158  11:43  Hive  
  158  11:55  Infestor x3  
  158  11:57  Overlord x2  
  158  11:58  Baneling  
  158  11:59  Baneling x5, Zergling x2  
  164  12:23  Roach x4  
  164  12:25  Hatchery  
  164  12:27  Infestor x2  
  150  12:53  Zergling x26  
  150  12:54  Zergling x10  
  150  12:56  Ravager  
  150  12:57  Ravager, Hatchery  
  169  13:01  Overlord  
  161  13:16  Hatchery  
  160  13:33  Zergling x2  
  160  13:34  Zergling x14  
  168  13:39  Baneling  
  167  13:48  Baneling x10  
  164  13:58  Zergling x10  
  116  14:55  Ultralisk Cavern  
  108  15:10  Zergling x16  
  116  15:18  Hatchery  
  83  15:40  Zergling x2  
  83  15:41  Zergling x14  
  83  15:42  Baneling  
  83  15:43  Baneling x13  
  83  15:45  Zergling x2  
Tags
 
Add a new tag
Caveats
  • Supply blocks, unpowered buildings, or Contaminate may cause inaccurate times.
  • Supply counts are checked every 10 seconds.